 Dungeon Crawl Stone Soup version 0.25-a0-503-ge281fa673e (webtiles) character file.

Game seed: 3535656351173338949, levelgen mode: deterministic

1299 BeastOfSaturn the Stinger (level 8, -4/54 HPs)
             Began as a Demonspawn Venom Mage on Feb 12, 2020.
             Killed by divine providence
             ... invoked by an orc priest
              (13 damage)
             ... on level 6 of the Dungeon on Feb 13, 2020.
             The game lasted 00:32:24 (8725 turns).

BeastOfSaturn the Stinger (Demonspawn Venom Mage)   Turns: 8725, Time: 00:32:25

Health: -4/54      AC:  4    Str: 11    XL:     8   Next: 31%
Magic:  4/13       EV: 12    Int: 17    God:
Gold:   171        SH:  6    Dex: 13    Spells: 4/14 levels left

rFire    . . .     SeeInvis .     - Unarmed
rCold    . . .     Gourm    .   p - +2 buckler
rNeg     . . .     Faith    .   f - +0 leather armour
rPois    .         Spirit   .   (helmet restricted)
rElec    .         Reflect  .   (no cloak)
rCorr    .         Harm     .   (no gloves)
MR       .....                  h - +0 pair of boots
Stlth    ++........             (no amulet)
HPRegen  0.18/turn              (no ring)
MPRegen  0.13/turn              (no ring)

@: very slightly contaminated
A: antennae 2, claws 2, hooves 1
a: no special abilities


You were on level 6 of the Dungeon.
You were not hungry.

You visited 1 branch of the dungeon, and saw 6 of its levels.

You collected 171 gold pieces.

Inventory:

Armour
 a - a +0 robe
 f - a +0 leather armour (worn)
 h - a +0 pair of boots (worn)
 k - a +0 buckler
 p - a +2 buckler (worn)
Jewellery
 o - a cursed amulet of harm
 y - a cursed amulet of inaccuracy
Scrolls
 c - a scroll of noise {unknown}
 d - a scroll of magic mapping {unknown}
 g - a scroll of fear
 m - 3 scrolls of remove curse
 t - a scroll of teleportation
 w - a scroll of silence {unknown}
Potions
 b - a potion of haste {unknown}
 e - a potion of ambrosia {unknown}
 i - a potion of curing {unknown}
 j - a potion of heal wounds {unknown}
 l - a potion of agility
 n - a potion of resistance {unknown}
 r - 2 potions of lignification {unknown}
 s - a potion of flight {unknown}
 u - a potion of degeneration {unknown}
Comestibles
 q - 10 rations
 x - 5 chunks of flesh


   Skills:
 + Level 1.0 Fighting
 * Level 3.3 Armour
 + Level 2.4 Dodging
 - Level 1.7 Stealth
 * Level 2.8 Shields
 * Level 5.2 Unarmed Combat
 + Level 3.6 Spellcasting
 + Level 0.4 Conjurations
 - Level 0.8 Transmutations
 * Level 5.4 Poison Magic


You had 4 spell levels left.
You knew the following spells:

 Your Spells              Type           Power        Failure   Level  Hunger
a - Sting                 Tmut/Pois      ##..         7%          1    None
b - Poisonous Vapours     Pois/Air       ##....       12%         2    ##.....
c - Mephitic Cloud        Conj/Pois/Air  #.......     32%         3    ###....
d - Olgreb's Toxic Radia  Pois           ###.....     26%         4    ####...

Your spell library contained the following spells:

 Spells                   Type           Power        Failure   Level  Hunger
 Ignite Poison            Fire/Tmut/Pois ##......     30%         3    ###....


Dungeon Overview and Level Annotations

Branches:
Dungeon (6/15)
 Temple: D:4-7

Altars:
Cheibriados
Qazlal
Trog
Wu Jian
Xom
Yredelemnul
Zin


Innate Abilities, Weirdness & Mutations

You have a pair of antennae on your head.
You have very sharp fingernails.
You have large cloven feet.


Message History

You scratch the orc priest.
The orc priest is moderately wounded.
The orc priest hits you but does no damage.
You scratch the orc priest.
The orc priest is moderately wounded.
You barely miss the orc priest.
The orc priest is moderately wounded.
The orc priest mumbles some strange prayers to Beogh against you.
Beogh smites you! You block the orc priest's attack. The orc barely misses you.
The orc priest calls down the wrath of Beogh upon you.
Beogh smites you!
The orc priest mumbles some strange prayers to Beogh against you.
Pain shoots through your body!
* * * LOW HITPOINT WARNING * * *
The orc priest begins to cast a cantrip, but forgets the words!
The orc priest looks braver for a moment.
The orc priest looks braver for a moment.
The orc priest mumbles some strange prayers to Beogh against you.
Beogh smites you!
You die...

##.......## ##................
#........# #................
#........# ##...o...........
##.....#..# #...............
#....<##..## #..o............
##....####..# ##..............
##....## #..# #o.............#
#.....# ##.####..............#
......######..##@.....#........#
..............#......###.......#
##...................# #.......#
##..................###.......##
#..#######....................#
#..# ##...................#
##.## #................)..)#
#..# ##.....................
#..# ##..............######).


You could see 2 orc priests and an orc.

Vanquished Creatures
  2 ice beasts (D:5)
  A centaur (D:6)
  An ogre (D:4)
  A bullfrog (D:5)
  A howler monkey (D:2)
  A crimson imp (D:5)
  A centaur zombie (D:5)
  A hound (D:4)
  2 jellies (D:5)
  7 orc priests
  3 orc wizards
  A gnoll shaman (D:4)
  A centaur skeleton (D:4)
  4 worker ants
  7 adders
  5 gnolls
  A howler monkey skeleton (D:4)
  2 shadow imps
  2 oozes (D:2)
  An adder skeleton (D:5)
  6 worms
  A dart slug (D:3)
  3 leopard geckos
  15 orcs
  7 giant cockroaches
  7 goblins
  9 hobgoblins
  8 jackals
  9 kobolds
  A ball python (D:2)
  7 bats
  5 frilled lizards
  A quokka skeleton (D:5)
  9 rats
133 creatures vanquished.

Vanquished Creatures (others)
  A hound (D:4)
1 creature vanquished.

Grand Total: 134 creatures vanquished

Notes
Turn   | Place    | Note
-------+----------+-------------------------------------------
     0 | D:1      | BeastOfSaturn the Demonspawn Venom Mage began the quest for
                  | the Orb.
     0 | D:1      | Reached XP level 1. HP: 13/13 MP: 3/3
   133 | D:1      | Gained mutation: You have sharp fingernails. [demonic
                  | ancestry]
   133 | D:1      | Reached XP level 2. HP: 19/19 MP: 3/5
   280 | D:1      | Learned a level 2 spell: Poisonous Vapours
   677 | D:1      | Gained mutation: You have a pair of small antennae on your
                  | head. [demonic ancestry]
   677 | D:1      | Reached XP level 3. HP: 9/24 MP: 1/6
  1275 | D:2      | Reached skill level 1 in Armour
  1275 | D:2      | Gained mutation: You have very sharp fingernails. [demonic
                  | ancestry]
  1275 | D:2      | Reached XP level 4. HP: 15/30 MP: 4/7
  1429 | D:2      | Learned a level 3 spell: Mephitic Cloud
  1594 | D:2      | Reached skill level 1 in Unarmed Combat
  2919 | D:3      | Reached XP level 5. HP: 34/35 MP: 8/8
  3245 | D:3      | Reached skill level 1 in Shields
  3531 | D:3      | Found a snail-covered altar of Cheibriados.
  3680 | D:3      | Found a basalt altar of Yredelemnul.
  3680 | D:3      | Found a glowing silver altar of Zin.
  3681 | D:3      | Found a shimmering altar of Xom.
  4034 | D:4      | Found a stormy altar of Qazlal.
  4503 | D:3      | Gained mutation: You have large cloven feet. [demonic
                  | ancestry]
  4503 | D:3      | Reached XP level 6. HP: 14/41 MP: 1/10
  4889 | D:3      | Learned a level 4 spell: Olgreb's Toxic Radiance
  5903 | D:4      | Upgraded the game from 0.25-a0-496-g8c4878dea3 to
                  | 0.25-a0-503-ge281fa673e
  5994 | D:4      | Found an ornate altar of the Wu Jian Council.
  5995 | D:4      | Found a bloodstained altar of Trog.
  6132 | D:5      | Entered Level 5 of the Dungeon
  6143 | D:5      | Reached XP level 7. HP: 43/47 MP: 11/11
  6872 | D:5      | Reached skill level 5 in Poison Magic
  7652 | D:5      | Reached skill level 1 in Fighting
  7652 | D:5      | Gained mutation: You have a pair of antennae on your head.
                  | [demonic ancestry]
  7652 | D:5      | Reached XP level 8. HP: 52/54 MP: 8/13
  8486 | D:6      | Reached skill level 5 in Unarmed Combat
  8725 | D:6      | Killed from afar by an orc priest

Levels and vault maps discovered:
D:1:      dpeg_arrival_prison, layout_basic, minmay_tetromino_o2
D:2:      layout_basic
D:3:      layout_rooms, old_standard_altar,
          chequers_temple_overflow_statue_of_worship
D:4:      layout_loops_cross, grunt_qazlal_clouds,
          gammafunk_temple_overflow_statue, nicolae_ossuary_entry_plus
D:5:      layout_rooms, first_ration
D:6:      cheibrodos_iron_armory, layout_layer_cave, nicolae_ru_path_of_blood

Skill      XL: |  1  2  3  4  5  6  7  8 |
---------------+-------------------------+-----
Poison Magic   | 4 5 |  5.4
Armour         | 1 2 3 |  3.3
Dodging        | 2 |  2.4
Unarmed Combat | 1 2 4 5 |  5.2
Shields        | 1 2 |  2.8
Spellcasting   | 3 |  3.6
Fighting       | 1 |  1.0
Stealth        | |  1.7
Conjurations   | |  0.4
Transmutations | |  0.8

Action                   |  1- 3 |  4- 6 |  7- 9 || total
-------------------------+-------+-------+-------++-------
Melee: Unarmed           |    85 |   242 |   153 ||   480
 Cast: Sting             |    10 |     1 |    18 ||    29
       Poisonous Vapours |     6 |    27 |     6 ||    39
       Mephitic Cloud    |       |     8 |     2 ||    10
       Olgreb's Toxic Ra |       |       |     3 ||     3
  Use: Scroll            |       |     5 |     1 ||     6
       Potion            |       |     1 |       ||     1
 Stab: Sleeping          |     2 |     3 |     1 ||     6
  Eat: Ration            |     1 |     4 |     2 ||     7
       Chunk             |       |     6 |     1 ||     7
Armor: Leather armour    |    15 |    65 |    31 ||   111
       Robe              |     3 |       |       ||     3
Dodge: Dodged            |    62 |   141 |    53 ||   256
Block: Buckler           |       |    62 |    37 ||    99

Table legend:
 A = Non-vault XP
 B = Vault XP
 C = Vault XP percentage of total XP
 D = Non-vault monster count
 E = Vault monster count
 F = Vault count percentage of total count
                 A         B        C        D         E       F
            +---------+---------+-------+---------+---------+-------
      Total |    1851 |       6 |   0.3 |     128 |       5 |   3.8
            +---------+---------+-------+---------+---------+-------
        D:1 |      58 |       6 |   9.4 |      19 |       5 |  20.8
        D:2 |     152 |       0 |   0.0 |      34 |       0 |   0.0
        D:3 |     135 |       0 |   0.0 |      24 |       0 |   0.0
        D:4 |     404 |       0 |   0.0 |      16 |       0 |   0.0
        D:5 |     773 |       0 |   0.0 |      26 |       0 |   0.0
        D:6 |     329 |       0 |   0.0 |       9 |       0 |   0.0
            +---------+---------+-------+---------+---------+-------
